TOP OF THE 1ST |
Port Royal Disaster batting - Pitching for Jersey City Tritons : RHP Brian Gardner
|
Pitching: RHP Brian Gardner
|
|
Batting: RHB Sean Roberts
|
0-0: Ball 1-0: Swinging Strike 1-1: Ball 2-1: Foul Ball, location: 2F 2-2: Foul Ball, location: 2F 2-2: DOUBLE (Flyball, 8LXD, EV 103.8 MPH)
|
Batting: RHB Louie Kennard
|
0-0: Ball 1-0: Called Strike 1-1: Foul Ball, location: 2F 1-2: Ball 2-2: SINGLE (Groundball, 4MD, EV 102.5 MPH) Sean Roberts to third Runner from 3rd tries for Home, SAFE, no throw by CF
|
Batting: RHB Anson Darrah
|
0-0: Ball 1-0: Ball 2-0: Called Strike 2-1: Grounds into double play, 6-4-3 (Groundball, 6, EV 88.1 MPH)
|
Batting: RHB Sean Wallace
|
0-0: Ground out 6-3 (Groundball, 6, EV 102.5 MPH)
|
Top of the 1st over - 1 run, 2 hits, 0 errors, 0 left on base; Port Royal 1 - Jersey City 0 |
BOTTOM OF THE 1ST |
Jersey City Tritons batting - Pitching for Port Royal Disaster : RHP Ren-qing Weng
|
Pitching: RHP Ren-qing Weng
|
|
Batting: RHB Marvin Clark
|
0-0: Ball 1-0: Ball 2-0: Ball 3-0: Base on Balls
|
Batting: RHB Eddie Hickford
|
0-0: Called Strike 0-1: Grounds into double play, 6-4-3 (Groundball, 6, EV 88.8 MPH)
|
Batting: RHB Alfredo Valdéz
|
0-0: Ball 1-0: Ball 2-0: Ball 3-0: Called Strike 3-1: Foul Ball, location: 2F 3-2: Fly out, F9 (Flyball, 9S, EV 91.9 MPH)
|
Bottom of the 1st over - 0 runs, 0 hits, 0 errors, 0 left on base; Port Royal 1 - Jersey City 0 |
TOP OF THE 2ND |
Port Royal Disaster batting - Pitching for Jersey City Tritons : RHP Brian Gardner
|
Batting: RHB Michael Brannon
|
0-0: Ball 1-0: Ball 2-0: Called Strike 2-1: Foul Ball, location: 2F 2-2: Foul Ball, location: 2F 2-2: Ball 3-2: DOUBLE (Line Drive, 5D, EV 98.1 MPH)
|
Batting: RHB Tomás Martí
|
0-0: SINGLE (Groundball, 4S, EV 69.4 MPH) (infield hit) Michael Brannon to third
|
Batting: RHB Mario Álvarez
|
0-0: Ball 1-0: Swinging Strike 1-1: Fly out, F8 (Line Drive, 8LM, EV 91.2 MPH) Runner from 3rd tags up, SCORES, throw by CF
|
Batting: RHB Gerold Kent
|
0-0: Ball 1-0: Foul Ball, location: 2F 1-1: Ball 2-1: Ball 3-1: Called Strike 3-2: Base on Balls Tomás Martí to second
|
Batting: LHB Seung-soo Ch'ae
|
0-0: Ball 1-0: Ball 2-0: Foul Ball, location: 2F 2-1: Fly out, F6 (Line Drive, 6, EV 70.6 MPH)
|
Batting: RHB Sean Roberts
|
0-0: Ball 1-0: Fly out, F7 (Flyball, 7, EV 95.0 MPH)
|
Top of the 2nd over - 1 run, 2 hits, 0 errors, 2 left on base; Port Royal 2 - Jersey City 0 |
BOTTOM OF THE 2ND |
Jersey City Tritons batting - Pitching for Port Royal Disaster : RHP Ren-qing Weng
|
Batting: LHB Kevin Hancock
|
0-0: Swinging Strike 0-1: Ball 1-1: Foul Ball, location: 2F 1-2: Ball 2-2: Strikes out looking
|
Batting: RHB Santiago Valentín
|
0-0: Ball 1-0: Called Strike 1-1: Swinging Strike 1-2: Ball 2-2: Foul Ball, location: 2F 2-2: Ball 3-2: SINGLE (Line Drive, 56, EV 103.8 MPH)
|
Batting: LHB Steve Whitehead
|
0-0: Called Strike 0-1: Fly out, F6 (Popup, P, EV 80.6 MPH)
|
Batting: RHB Ricardo Quintanilla
|
0-0: Ball Santiago Valentín is caught stealing 2nd base 2-4
|
Bottom of the 2nd over - 0 runs, 1 hit, 0 errors, 0 left on base; Port Royal 2 - Jersey City 0 |
TOP OF THE 3RD |
Port Royal Disaster batting - Pitching for Jersey City Tritons : RHP Brian Gardner
|
Batting: RHB Louie Kennard
|
0-0: Ball 1-0: Foul Ball, location: 2F 1-1: Called Strike 1-2: Foul Ball, location: 2F 1-2: Fly out, F2 (Popup, 2RF, EV 96.2 MPH)
|
Batting: RHB Anson Darrah
|
0-0: Foul Ball, location: 2F 0-1: Ball 1-1: Called Strike 1-2: Foul Ball, location: 2F 1-2: Fly out, F9 (Flyball, 9, EV 88.1 MPH)
|
Batting: RHB Sean Wallace
|
0-0: Ball 1-0: Ball 2-0: Swinging Strike 2-1: Foul Ball, location: 2F 2-2: Fly out, F8 (Flyball, 8LXD, EV 96.9 MPH)
|
Top of the 3rd over - 0 runs, 0 hits, 0 errors, 0 left on base; Port Royal 2 - Jersey City 0 |
BOTTOM OF THE 3RD |
Jersey City Tritons batting - Pitching for Port Royal Disaster : RHP Ren-qing Weng
|
Batting: RHB Ricardo Quintanilla
|
0-0: Ball 1-0: Fly out, F9 (Flyball, 9LM, EV 91.9 MPH)
|
Batting: RHB Omar Krutsinger
|
0-0: Called Strike 0-1: Ball 1-1: Ball 2-1: Foul Ball, location: 2F 2-2: Ball 3-2: Ground out 6-3 (Groundball, 6, EV 103.1 MPH)
|
Batting: LHB Jarred Williamson
|
0-0: Called Strike 0-1: Foul Ball, location: 2F 0-2: Ball 1-2: Ball 2-2: Foul Ball, location: 2F 2-2: Strikes out swinging
|
Bottom of the 3rd over - 0 runs, 0 hits, 0 errors, 0 left on base; Port Royal 2 - Jersey City 0 |
TOP OF THE 4TH |
Port Royal Disaster batting - Pitching for Jersey City Tritons : RHP Brian Gardner
|
Batting: RHB Michael Brannon
|
0-0: Called Strike 0-1: Ball 1-1: SINGLE (Flyball, 89M, EV 88.1 MPH)
|
Batting: RHB Tomás Martí
|
0-0: SINGLE (Line Drive, 6MD, EV 99.4 MPH) Michael Brannon to second Runner from 2nd tries for 3rd, SAFE, throw by CF made to third
|
Batting: RHB Mario Álvarez
|
0-0: Fly out, F7 (Flyball, 7, EV 87.5 MPH)
|
Batting: RHB Gerold Kent
|
0-0: Ball 1-0: Ball 2-0: Foul Ball, location: 2F 2-1: Ball 3-1: Foul Ball, location: 2F 3-2: SINGLE (Groundball, 6MD, EV 97.5 MPH) Michael Brannon scores Tomás Martí to second Runner from 2nd tries for 3rd, SAFE, throw by CF made to third
|
Batting: LHB Seung-soo Ch'ae
|
0-0: Ball 1-0: SINGLE (Flyball, 9LS, EV 85.6 MPH) Tomás Martí scores Gerold Kent to second
|
Batting: RHB Sean Roberts
|
0-0: Ball 1-0: Ball 2-0: Foul Ball, location: 2F 2-1: Foul Ball, location: 2F 2-2: Strikes out swinging
|
Batting: RHB Louie Kennard
|
0-0: Ball 1-0: Ball 2-0: DOUBLE (Groundball, 5L, EV 101.9 MPH) Gerold Kent scores Seung-soo Ch'ae to third
|
Batting: RHB Anson Darrah
|
0-0: Ground out 4-3 (Groundball, 4, EV 83.1 MPH)
|
Top of the 4th over - 3 runs, 5 hits, 0 errors, 2 left on base; Port Royal 5 - Jersey City 0 |
BOTTOM OF THE 4TH |
Jersey City Tritons batting - Pitching for Port Royal Disaster : RHP Ren-qing Weng
|
Batting: RHB Marvin Clark
|
0-0: Ball 1-0: DOUBLE (Line Drive, 7LM, EV 102.5 MPH)
|
Batting: RHB Eddie Hickford
|
0-0: Ball 1-0: Called Strike 1-1: Swinging Strike 1-2: Strikes out swinging
|
Batting: RHB Alfredo Valdéz
|
0-0: Called Strike 0-1: Swinging Strike 0-2: Ball 1-2: SINGLE (Groundball, 56D, EV 103.1 MPH) Marvin Clark to third
|
Batting: LHB Kevin Hancock
|
0-0: Ball 1-0: Fly out, F2 (Popup, 15S, EV 93.1 MPH)
|
Batting: RHB Santiago Valentín
|
0-0: Ball 1-0: Foul Ball, location: 2F 1-1: Ball 2-1: Foul Ball, location: 2F 2-2: Ball 3-2: Base on Balls Alfredo Valdéz to second
|
Batting: LHB Steve Whitehead
|
0-0: Ball 1-0: Called Strike 1-1: Swinging Strike 1-2: Ball 2-2: Foul Ball, location: 2F 2-2: Ball 3-2: Foul Ball, location: 2F 3-2: Strikes out looking
|
Bottom of the 4th over - 0 runs, 2 hits, 0 errors, 3 left on base; Port Royal 5 - Jersey City 0 |
TOP OF THE 5TH |
Port Royal Disaster batting - Pitching for Jersey City Tritons : RHP Brian Gardner
|
Batting: RHB Sean Wallace
|
0-0: SINGLE (Groundball, 56D, EV 98.1 MPH)
|
Batting: RHB Michael Brannon
|
0-0: Ball 1-0: SINGLE (Line Drive, 9S, EV 99.4 MPH) Sean Wallace to second
|
Batting: RHB Tomás Martí
|
0-0: Ball 1-0: Ball 2-0: Ball 3-0: Called Strike 3-1: Fly out, F7 (Flyball, 7LDF, EV 100.0 MPH) Runner from 2nd tags up, SAFE at 3rd, no throw by LF
|
Batting: RHB Mario Álvarez
|
0-0: Called Strike 0-1: Ball 1-1: SINGLE (Groundball, 6MD, EV 97.5 MPH) Sean Wallace scores Michael Brannon to second Runner from 2nd tries for 3rd, SAFE, no throw by CF
|
Pitching: LHP Paul Workman
|
|
Batting: RHB Gerold Kent
|
0-0: Ball 1-0: Ball 2-0: Ball 3-0: Base on Balls Mario Álvarez to second
|
Batting: LHB Seung-soo Ch'ae
|
0-0: Foul Ball, location: 2F 0-1: SINGLE (Line Drive, 34, EV 98.8 MPH) Michael Brannon scores Mario Álvarez to third Gerold Kent to second
|
Batting: RHB Sean Roberts
|
0-0: Ball 1-0: Called Strike 1-1: Ball 2-1: Foul Ball, location: 2F 2-2: Foul Ball, location: 2F 2-2: Strikes out swinging
|
Batting: RHB Louie Kennard
|
0-0: Ball 1-0: Ball 2-0: Called Strike 2-1: Ball 3-1: Swinging Strike 3-2: Base on Balls Mario Álvarez scores Gerold Kent to third Seung-soo Ch'ae to second
|
Batting: RHB Anson Darrah
|
0-0: Foul Ball, location: 2F 0-1: Ball 1-1: Ball 2-1: Foul Ball, location: 2F 2-2: Foul Ball, location: 2F 2-2: Ball 3-2: Fly out, F9 (Flyball, 89M, EV 91.2 MPH)
|
Top of the 5th over - 3 runs, 4 hits, 0 errors, 3 left on base; Port Royal 8 - Jersey City 0 |
BOTTOM OF THE 5TH |
Jersey City Tritons batting - Pitching for Port Royal Disaster : RHP Ren-qing Weng
|
Batting: RHB Ricardo Quintanilla
|
0-0: Ground out 3-1 (Groundball, 34, EV 98.8 MPH)
|
Batting: RHB Omar Krutsinger
|
0-0: Foul Ball, location: 2F 0-1: Ball 1-1: Ball 2-1: Ball 3-1: Swinging Strike 3-2: DOUBLE (Line Drive, 89D, EV 98.1 MPH) - OUT at third base trying to stretch hit.
|
Batting: LHB Jarred Williamson
|
0-0: Ball 1-0: Foul Ball, location: 2F 1-1: Fly out, F8 (Flyball, 8RS, EV 93.8 MPH)
|
Bottom of the 5th over - 0 runs, 1 hit, 0 errors, 0 left on base; Port Royal 8 - Jersey City 0 |
TOP OF THE 6TH |
Port Royal Disaster batting - Pitching for Jersey City Tritons : LHP Paul Workman
|
Batting: RHB Sean Wallace
|
0-0: Ball 1-0: Foul Ball, location: 2F 1-1: Called Strike 1-2: Ball 2-2: Ball 3-2: Ground out 6-3 (Groundball, 6, EV 99.4 MPH)
|
Batting: RHB Michael Brannon
|
0-0: Foul Ball, location: 2F 0-1: Ball 1-1: Ground out 5-3 (Groundball, 56, EV 76.9 MPH)
|
Batting: RHB Tomás Martí
|
0-0: Ball 1-0: Ball 2-0: Foul Ball, location: 2F 2-1: Ball 3-1: Fly out, F9 (Flyball, 89D, EV 87.5 MPH)
|
Top of the 6th over - 0 runs, 0 hits, 0 errors, 0 left on base; Port Royal 8 - Jersey City 0 |
BOTTOM OF THE 6TH |
Jersey City Tritons batting - Pitching for Port Royal Disaster : RHP Ren-qing Weng
|
Batting: RHB Marvin Clark
|
0-0: Ball 1-0: SINGLE (Groundball, 34D, EV 97.5 MPH)
|
Batting: RHB Eddie Hickford
|
0-0: Ball 1-0: Called Strike 1-1: Ball 2-1: Swinging Strike 2-2: Strikes out swinging
|
Batting: RHB Alfredo Valdéz
|
0-0: Called Strike 0-1: Called Strike 0-2: Strikes out swinging
|
Batting: LHB Kevin Hancock
|
0-0: Called Strike 0-1: Called Strike 0-2: Ground out 4-3 (Groundball, 4, EV 82.5 MPH)
|
Bottom of the 6th over - 0 runs, 1 hit, 0 errors, 1 left on base; Port Royal 8 - Jersey City 0 |
TOP OF THE 7TH |
Port Royal Disaster batting - Pitching for Jersey City Tritons : LHP Paul Workman
|
Batting: RHB Mario Álvarez
|
0-0: Foul Ball, location: 2F 0-1: Foul Ball, location: 2F 0-2: Ball 1-2: Reached on error, E6 (Groundball, 6MD, EV 85.0 MPH)
|
Batting: RHB Gerold Kent
|
0-0: Ball 1-0: Fly out, F8 (Flyball, 89D, EV 95.0 MPH) Runner from 2nd tags up, SAFE at 3rd, no throw by CF
|
Batting: LHB Seung-soo Ch'ae
|
0-0: Called Strike 0-1: Foul Ball, location: 2F 0-2: Ball 1-2: Ball 2-2: Ball 3-2: Foul Ball, location: 2F 3-2: Base on Balls
|
Batting: RHB Sean Roberts
|
0-0: Called Strike 0-1: Ball 1-1: Swinging Strike 1-2: Ball 2-2: Strikes out swinging
|
Batting: RHB Louie Kennard
|
0-0: Foul Ball, location: 2F 0-1: Ball 1-1: Swinging Strike 1-2: Ball 2-2: Ball 3-2: Foul Ball, location: 2F 3-2: Strikes out looking
|
Top of the 7th over - 0 runs, 0 hits, 1 error, 2 left on base; Port Royal 8 - Jersey City 0 |
BOTTOM OF THE 7TH |
Jersey City Tritons batting - Pitching for Port Royal Disaster : RHP Ren-qing Weng
|
Pitching: LHP Tyrone Poole
|
|
Batting: RHB Santiago Valentín
|
0-0: SINGLE (Groundball, 6, EV 107.5 MPH) (infield hit)
|
Batting: LHB Steve Whitehead
|
0-0: Ball 1-0: Called Strike 1-1: Called Strike 1-2: SINGLE (Line Drive, 4MD, EV 104.4 MPH) Santiago Valentín to second
|
Batting: RHB Ricardo Quintanilla
|
0-0: Ball 1-0: Fielders Choice at 2nd, 1-6 (Groundball, 34S, EV 90.0 MPH) Santiago Valentín to third
|
Batting: RHB Omar Krutsinger
|
0-0: Ball 1-0: Foul Ball, location: 2F 1-1: Swinging Strike 1-2: Ball Wild Pitch! Santiago Valentín scores Ricardo Quintanilla to second 2-2: Strikes out swinging
|
Batting: LHB Jarred Williamson
|
0-0: Ball 1-0: Called Strike 1-1: Foul Ball, location: 2F 1-2: Foul Ball, location: 2F 1-2: Foul Ball, location: 2F 1-2: Strikes out swinging
|
Bottom of the 7th over - 1 run, 2 hits, 0 errors, 1 left on base; Port Royal 8 - Jersey City 1 |
TOP OF THE 8TH |
Port Royal Disaster batting - Pitching for Jersey City Tritons : LHP Paul Workman
|
Batting: RHB Anson Darrah
|
0-0: Called Strike 0-1: Ball 1-1: Swinging Strike 1-2: Foul Ball, location: 2F 1-2: Ball 2-2: Ball 3-2: TRIPLE (Line Drive, 9LD, EV 109.4 MPH)
|
Pitching: LHP Raúl Romero
|
|
Batting: RHB Sean Wallace
|
0-0: Ground out 6-3 (Groundball, 6, EV 88.1 MPH) Anson Darrah scores
|
Pinch Hitting: RHB Timo Zwiefelhofer
|
0-0: Ball 1-0: Ball 2-0: Ball 3-0: Called Strike 3-1: Called Strike 3-2: Foul Ball, location: 2F 3-2: Fly out, F8 (Line Drive, 8LM, EV 98.1 MPH)
|
Batting: RHB Tomás Martí
|
0-0: Called Strike 0-1: Ball 1-1: Ball 2-1: Swinging Strike 2-2: Strikes out looking
|
Top of the 8th over - 1 run, 1 hit, 0 errors, 0 left on base; Port Royal 9 - Jersey City 1 |
BOTTOM OF THE 8TH |
Jersey City Tritons batting - Pitching for Port Royal Disaster : LHP Tyrone Poole
|
Now at 1B: Felipe Deleón
|
|
Batting: RHB Marvin Clark
|
0-0: Foul Ball, location: 2F 0-1: Fly out, F2 (Popup, 23F, EV 83.8 MPH)
|
Batting: RHB Eddie Hickford
|
0-0: Swinging Strike 0-1: Ball 1-1: Ball 2-1: Foul Ball, location: 2F 2-2: Strikes out swinging
|
Batting: RHB Alfredo Valdéz
|
0-0: Ball 1-0: Ball 2-0: Called Strike 2-1: Ball 3-1: Base on Balls
|
Batting: LHB Kevin Hancock
|
0-0: Called Strike 0-1: Fielders Choice at 2nd, 6-4 (Groundball, 6, EV 101.9 MPH)
|
Bottom of the 8th over - 0 runs, 0 hits, 0 errors, 1 left on base; Port Royal 9 - Jersey City 1 |
TOP OF THE 9TH |
Port Royal Disaster batting - Pitching for Jersey City Tritons : LHP Raúl Romero
|
Batting: RHB Mario Álvarez
|
0-0: Called Strike 0-1: SINGLE (Line Drive, 7S, EV 95.0 MPH)
|
Batting: RHB Gerold Kent
|
0-0: Called Strike 0-1: SINGLE (Groundball, 56D, EV 97.5 MPH) Mario Álvarez to second
|
Batting: LHB Seung-soo Ch'ae
|
0-0: Called Strike 0-1: Fly out, F4 (Popup, 4D, EV 68.8 MPH)
|
Batting: RHB Sean Roberts
|
0-0: Ball 1-0: Ball 2-0: Fielders Choice at 2nd, 4-6 (Groundball, 34, EV 110.6 MPH) Mario Álvarez to third
|
Batting: RHB Louie Kennard
|
0-0: Called Strike 0-1: Foul Ball, location: 2F 0-2: Ball 1-2: Fielders Choice at 2nd, 6-4 (Groundball, 6, EV 86.2 MPH)
|
Top of the 9th over - 0 runs, 2 hits, 0 errors, 2 left on base; Port Royal 9 - Jersey City 1 |
BOTTOM OF THE 9TH |
Jersey City Tritons batting - Pitching for Port Royal Disaster : LHP Tyrone Poole
|
Batting: RHB Santiago Valentín
|
0-0: Called Strike 0-1: Foul Ball, location: 2F 0-2: Ball 1-2: Ball 2-2: Ball 3-2: Base on Balls
|
Batting: LHB Steve Whitehead
|
0-0: Foul Ball, location: 2F 0-1: Ball 1-1: Ball 2-1: Grounds into double play, 4-6-3 (Groundball, 4, EV 92.5 MPH)
|
Batting: RHB Ricardo Quintanilla
|
0-0: Called Strike 0-1: Foul Ball, location: 2F 0-2: SOLO HOME RUN (Flyball, 7D, EV 99.4 MPH), Distance : 376 ft
|
Batting: RHB Omar Krutsinger
|
0-0: SINGLE (Line Drive, 5D, EV 110.0 MPH)
|
Batting: LHB Jarred Williamson
|
0-0: Swinging Strike 0-1: Ball 1-1: Ball 2-1: Foul Ball, location: 2F 2-2: Foul Ball, location: 2F 2-2: Ball 3-2: Strikes out looking
|
Bottom of the 9th over - 1 run, 2 hits, 0 errors, 1 left on base; Port Royal 9 - Jersey City 2 |
|